 Dungeon Crawl Stone Soup version 0.28-b1-25-g9875b3fc8c (webtiles) character file.

Game seed: 8541429977382744536

412 4FPSwarrior the Sneak (level 6, -4/33 HPs)
             Began as a Vine Stalker Brigand on Feb 2, 2022.
             Slain by Blork the orc (5 damage)
             ... on level 4 of the Dungeon.
             The game lasted 00:09:30 (3952 turns).

4FPSwarrior the Sneak (Vine Stalker Brigand)        Turns: 3952, Time: 00:09:32

Health: -4/33      AC:  7    Str: 14    XL:     6   Next: 90%
Magic:  0/10       EV: 11    Int: 13    God:
Gold:   218        SH:  0    Dex: 15    Spells: 5/9 levels left

rFire   . . .      SeeInvis .   f - +0 dagger (freeze)
rCold   . . .      Faith    .   (no shield)
rNeg    . . .      Spirit   +   b - +0 robe
rPois   .          Reflect  .   s - +0 helmet
rElec   .          Harm     .   q - +2 cloak
rCorr   .          Rampage  .   (no gloves)
Will    .....                   y - +0 pair of boots
Stlth   +++.......              (no amulet)
HPRegen 0.91/turn               n - ring of flight
MPRegen 0.12/turn               (no ring)

@: attractive, flying
A: fangs 2, regeneration 1, magic shield, antimagic bite, no potion heal 2
a: no special abilities


You were on level 4 of the Dungeon.
You visited 1 branch of the dungeon, and saw 4 of its levels.

You collected 218 gold pieces.

Inventory:

Hand Weapons
 a - a +2 dagger
 f - a +0 dagger of freezing (weapon)
Missiles
 d - 7 poisoned darts (quivered)
 e - 2 curare-tipped darts
Armour
 b - a +0 robe (worn)
 q - a +2 cloak (worn)
 s - a +0 helmet (worn)
 y - a +0 pair of boots (worn)
Jewellery
 n - a ring of flight (left hand)
 t - an amulet of the acrobat
Scrolls
 c - a scroll of vulnerability {unknown}
 h - a scroll of holy word {unknown}
 j - 4 scrolls of identify {unknown}
 l - 2 scrolls of immolation
 m - a scroll of fog {unknown}
 p - a scroll of fear {unknown}
 r - 2 scrolls of noise {unknown}
 u - a scroll of magic mapping {unknown}
 v - a scroll of teleportation {unknown}
 x - a scroll of enchant weapon {unknown}
Potions
 g - 2 potions of mutation {unknown}
 i - a potion of invisibility {unknown}
 k - 2 potions of might {unknown}
 o - a potion of flight {unknown}
 w - 2 potions of attraction


   Skills:
 * Level 4.0 Fighting
 + Level 3.1 Short Blades
 - Level 1.7 Throwing
 - Level 0.7 Dodging
 + Level 5.8 Stealth
 + Level 2.3 Spellcasting
 + Level 1.1 Conjurations
 + Level 1.1 Summonings
 + Level 1.1 Air Magic
 + Level 1.0 Poison Magic


You had 5 spell levels left.
You knew the following spells:

 Your Spells              Type           Power      Damage    Failure   Level
a - Summon Small Mammal   Summ           16%        N/A       16%         1
b - Mephitic Cloud        Conj/Pois/Air  4%         N/A       43%         3

Your spell library contained the following spells:

 Spells                   Type           Power      Damage    Failure   Level
 Animate Skeleton         Necr           2%         N/A       24%         1
 Apportation              Tloc           2%         N/A       24%         1
 Ignite Poison            Fire/Tmut/Pois 2%         N/A       54%         3
 Freezing Cloud           Conj/Ice/Air   1%         6-21      99%         5


Dungeon Overview and Level Annotations

Branches:
Dungeon (4/15)
 Temple: D:4-7

Altars:

Annotations:
D:3 Sigmund
D:4 Blork the orc


Innate Abilities, Weirdness & Mutations

You have extremely sharp teeth.
Your natural rate of healing is unusually fast.
When hurt, damage is shared between your health and your magic reserves.
Your bite disrupts and absorbs the magic of your enemies.
Potions cannot restore your health.


Message History

Aim: Blork the orc, wielding a +4 halberd of flaming and wearing a +0 robe (poisoned, 64% to hit)
You throw a poisoned dart. The poisoned dart hits Blork the orc.
Blork the orc gestures at you while chanting.
The puff of flame hits you!
Blork the orc hits you with a +4 halberd of flaming.
Blork the orc burns you.
You hit Blork the orc. You freeze Blork the orc.
Your bite misses Blork the orc.
Blork the orc is lightly wounded.
Blork the orc casts a spell at you. The puff of flame hits you.
You hit Blork the orc but do no damage. Your bite misses Blork the orc.
Blork the orc is lightly wounded.
Blork the orc barely misses you.
You hit Blork the orc but do no damage.
Blork the orc is lightly wounded.
Okay, then.
You hit Blork the orc but do no damage. You bite Blork the orc.
Blork the orc's magic leaks into the air.
You drain his magic.
You feel invigorated.
Blork the orc is moderately wounded.
Blork the orc falters for a moment.
You hit Blork the orc but do no damage. You bite Blork the orc.
Blork the orc's magic leaks into the air.
You drain his magic.
You feel invigorated.
Blork the orc is heavily wounded.
Blork the orc closely misses you.
You hit Blork the orc. You freeze Blork the orc.
Your bite misses Blork the orc.
Blork the orc is heavily wounded.
Blork the orc hits you with a +4 halberd of flaming!!
Blork the orc burns you!
* * * LOW HITPOINT WARNING * * *
It was a potion of attraction.
You feel attractive to monsters.
Blork the orc looks more healthy.
Blork the orc hits you with a +4 halberd of flaming!
* * * LOW HITPOINT WARNING * * *
Blork the orc burns you.
You die...

###########################
#.........................#
#.#######################.#
#.# .......<...[..#.# #.#
..#####.####....# #.#
+.....# #..###### #.#
#####(# #.......# #.#
...##########...###.# #.#
..('((o@........# #.# ..#
...##########.#.###.# ###
#####.......# .#
+.......##### .# #########
.# .# .# '#####


You could see Blork the orc (magic disrupted).

Vanquished Creatures
  A water moccasin skeleton (D:4)
  A jelly (D:4)
  A hound (D:3)
  Natasha (thrice) (D:4)
  An orc wizard (D:4)
  A hound skeleton (D:4)
  Robin (D:2)
  A gnoll (D:1)
  8 adders
  A worm (D:2)
  A dart slug (D:2)
  4 orcs
  12 ball pythons
  7 bats
  5 endoplasms
  5 giant cockroaches
  15 goblins
  14 hobgoblins
  3 quokkas
  2 frilled lizards
  4 kobolds
  2 rats
93 creatures vanquished.

Notes
Turn   | Place    | Note
-------+----------+-------------------------------------------
     0 | D:1      | 4FPSwarrior the Vine Stalker Brigand began the quest for
                  | the Orb.
     0 | D:1      | Reached XP level 1. HP: 11/11 MP: 2/2
   169 | D:1      | Reached XP level 2. HP: 15/15 MP: 3/3
   630 | D:1      | Reached skill level 1 in Spellcasting
   734 | D:1      | Reached XP level 3. HP: 19/19 MP: 5/5
   884 | D:1      | Reached skill level 5 in Stealth
  1296 | D:2      | Found a faded altar of an unknown god.
  1588 | D:2      | Gained mutation: Your natural rate of healing is unusually
                  | fast. [Vine Stalker growth]
  1588 | D:2      | Reached XP level 4. HP: 10/23 MP: 5/7
  1708 | D:2      | Noticed Robin
  1739 | D:2      | Killed Robin
  2330 | D:3      | Reached XP level 5. HP: 28/28 MP: 8/8
  2499 | D:3      | Noticed Sigmund
  2928 | D:4      | Learned a level 1 spell: Summon Small Mammal
  2932 | D:4      | Learned a level 3 spell: Mephitic Cloud
  3056 | D:4      | Noticed Natasha
  3071 | D:4      | Killed Natasha
  3149 | D:4      | Noticed Natasha
  3160 | D:4      | Killed Natasha
  3161 | D:4      | Reached XP level 6. HP: 17/33 MP: 5/10
  3284 | D:4      | Noticed Blork the orc
  3512 | D:4      | Noticed Natasha
  3524 | D:4      | Killed Natasha
  3613 | D:4      | Reached skill level 1 in Conjurations
  3613 | D:4      | Reached skill level 1 in Summonings
  3613 | D:4      | Reached skill level 1 in Air Magic
  3613 | D:4      | Reached skill level 1 in Poison Magic
  3952 | D:4      | HP: 1/33 [Blork the orc (8)]
  3952 | D:4      | Slain by Blork the orc

Illustrated notes

Levels and vault maps discovered:
D:1:      grunt_arrival_crossed_arrows, layout_rooms
D:2:      minmay_angry_zag, layout_basic,
          hellmonk_ecumenical_altar_inner_sanctum, serial_glass,
          glass_columns_a, glass_columns_a, minmay_split_cup_large, uniq_robin
D:3:      layout_basic, minmay_distorted, uniq_sigmund
D:4:      layout_basic, minmay_box_of_dots, uniq_blork_the_orc, uniq_natasha

Skill      XL: |  1  2  3  4  5  6 |
---------------+-------------------+-----
Fighting       | 2 3 4 |  4.0
Short Blades   | 2 3 |  3.1
Spellcasting   | 1 2 |  2.3
Stealth        | 5 |  5.8
Conjurations   | 1 |  1.1
Summonings     | 1 |  1.1
Air Magic      | 1 |  1.1
Poison Magic   | 1 |  1.0
Throwing       | |  1.7
Dodging        | |  0.7

Action                   |  1- 3 |  4- 6 || total
-------------------------+-------+-------++-------
Melee: Dagger            |   103 |   237 ||   340
       Bite              |    22 |    65 ||    87
       Punch             |     2 |       ||     2
Throw: Dart              |    21 |     3 ||    24
  Use: Scroll            |       |     1 ||     1
       Potion            |       |     1 ||     1
 Stab: Sleeping          |     9 |     7 ||    16
Armor: Robe              |    25 |    87 ||   112
Dodge: Dodged            |    44 |   145 ||   189
